 Dungeon Crawl Stone Soup version 0.14.1-26-g5a19342 (webtiles) character file.

369 Kae the Cudgeler (level 5, -7/45 HPs)
             Began as a Minotaur Fighter on July 20, 2014.
             Killed by divine providence
             ... invoked by an orc priest
              (17 damage)
             ... on Level 3 of the Dungeon.
             The game lasted 00:01:31 (2092 turns).

Kae the Cudgeler (Minotaur Fighter)                 Turns: 2092, Time: 00:01:31

HP  -7/45        AC  9     Str 20      XL: 5   Next: 87%
MP   2/2         EV  5     Int  6      God:
Gold 120         SH 18     Dex 10      Spells:  0 memorised,  4 levels left

rFire  . . .     SeeInvis .     a - +0 flail
rCold  . . .     Clarity  .     f - +0 chain mail (curse)
rNeg   . . .     Conserve .     c - +0 shield
rPois  .         rCorr    .     (helmet restricted)
rElec  .         rRot     .     (no cloak)
SustAb . .       Spirit   .     (no gloves)
rMut   .         Warding  .     (no boots)
Saprov . . .     Stasis   .     (no amulet)
MR     .....                    (no ring)
                                (no ring)

@: not resistant to hostile enchantments, extremely unstealthy
A: retaliatory headbutt, horns 2
a: no special abilities


You were on level 3 of the Dungeon.
You were very hungry.

You visited 1 branch of the dungeon, and saw 4 of its levels.

You collected 120 gold pieces.

Inventory:

Hand weapons
 a - a +0,+0 flail (weapon)
Armour
 c - a +0 shield (worn)
 f - a cursed +0 chain mail (worn)
Comestibles
 d - 3 bread rations
 k - an apple
 l - a meat ration
Scrolls
 b - a scroll of recharging {unknown}
 g - 3 scrolls of identify {unknown}
 h - a scroll of amnesia {unknown}
 m - 4 scrolls of remove curse {unknown}
 p - a scroll of teleportation {unknown}
 s - a scroll of enchant weapon I {unknown}
Jewellery
 n - an uncursed amulet of stasis {unknown}
 o - a +4 ring of intelligence {unknown}
Potions
 e - a potion of might
 i - 2 potions of haste {unknown}
 j - 4 potions of curing {unknown}
 q - a potion of heal wounds {unknown}
 r - a potion of paralysis {unknown}


   Skills:
 - Level 3.6 Fighting
 + Level 7.5 Maces & Flails
 - Level 3.6 Armour
 - Level 3.6 Shields


You had 4 spell levels left.
You didn't know any spells.

Dungeon Overview and Level Annotations

Branches:
Dungeon (4/15)
 Temple: D:4-7

Altars:


Innate Abilities, Weirdness & Mutations

You reflexively headbutt those who attack you in melee.
You have a pair of horns on your head.


Message History

There is an open door here.
The hobgoblin hits you but does no damage.
An orc priest comes into view.
You sock the hobgoblin!
You kill the hobgoblin!
The orc priest calls down the wrath of Beogh upon you.
Something smites you!
An orc opens the door. 2 orcs and an orc priest come into view.
The orc shouts! x3
The orc priest shouts!
The orc priest mumbles some strange prayers to Beogh against you.
Something smites you!
The orc priest invokes the aid of Beogh against you.
Something smites you!
* * * LOW HITPOINT WARNING * * *
You are too injured to fight recklessly!
Unknown command.
The orc priest invokes the aid of Beogh against you.
Something smites you!
You die...

...##'### #.######.#.#
..o....# #.#......#..
#ooo.=.# #.#.########
#..............#.#.##..#.#.
#######.#..###.#.#.##..#.#.
#.#..# #.#.....#.#.
#.#..###.#.#...#.#.#.
#.#......#.......#.#.
#.##.#######.#.#...#.


You could see 2 orc priests and 3 orcs.

Vanquished Creatures
  The ghost of hurdos the Ruffian, a weakling TrTm (D:3)
  2 orc priests (D:3)
  2 orc wizards (D:3)
  Ijyb (D:3)
  2 adders (D:2)
  A giant mite (D:4)
  2 oozes (D:2)
  An orc (D:3)
  7 bats
  2 giant cockroaches (D:2)
  3 goblins
  9 hobgoblins
  8 kobolds
  A giant gecko (D:3)
  2 giant newts
  4 jackals (D:1)
  6 rats
54 creatures vanquished.

Notes
Turn   | Place    | Note
--------------------------------------------------------------
     0 | D:1      | Kae, the Minotaur Fighter, began the quest for the Orb.
     0 | D:1      | Reached XP level 1. HP: 19/19 MP: 1/1
   235 | D:1      | Reached XP level 2. HP: 26/26 MP: 1/1
   659 | D:2      | Reached skill level 4 in Maces & Flails
   795 | D:2      | Reached XP level 3. HP: 26/31 MP: 2/2
   980 | D:2      | Reached skill level 5 in Maces & Flails
  1263 | D:3      | Reached XP level 4. HP: 21/39 MP: 2/2
  1518 | D:3      | Reached skill level 6 in Maces & Flails
  1525 | D:3      | Reached XP level 5. HP: 40/45 MP: 2/2
  1650 | D:3      | Noticed hurdos' ghost (weakling TrTm)
  1666 | D:3      | Killed hurdos' ghost
  1666 | D:3      | Reached skill level 7 in Maces & Flails
  1684 | D:3      | Noticed Ijyb
  1687 | D:3      | Killed Ijyb
  2092 | D:3      | Killed from afar by an orc priest

Action                   |  1- 3 |  4- 6 || total
-------------------------+-------+-------++-------
Melee: Flail             |    86 |    40 ||   126
  Use: Potion            |       |     1 ||     1
